 Dungeon Crawl Stone Soup version 0.21.1-1-g345015f (webtiles) character file.

214 inc the Scratcher (level 5, 0/25 HPs)
             Began as a Felid Transmuter on Mar 6, 2018.
             Shot with an arrow by a centaur (13 damage)
             ... on level 5 of the Dungeon.
             The game lasted 00:08:12 (4287 turns).

inc the Scratcher (Felid Transmuter)                Turns: 4287, Time: 00:08:13

Health: 0/25       AC:  2    Str:  6    XL:     5   Next: 60%
Magic:  9/9        EV: 18    Int: 17    God:
Gold:   130        SH:  0    Dex: 16    Spells: 5/8 levels left
                                        Lives:  0   Deaths: 1

rFire    . . .     SeeInvis +     - Unarmed
rCold    . . .     Gourm    .   (shield unavailable)
rNeg     . . .     Faith    .   (armour unavailable)
rPois    .         Spirit   .   (helmet unavailable)
rElec    .         Reflect  .   (cloak unavailable)
rCorr    .         Harm     .   (gloves unavailable)
MR       .....                  (boots unavailable)
Stlth    ++........             (no amulet)
HPRegen  0.08/turn              (no ring)
MPRegen  0.11/turn              (no ring)

@: quick
A: very small, no armour, no weapons or thrown items, stealth, claws 1, fangs 3,
see invisible, carnivore, speed 1, shaggy fur 2, slow metabolism 1, evolution 1,
sharp paws
a: no special abilities


You were on level 5 of the Dungeon.
You were not hungry.

You visited 1 branch of the dungeon, and saw 5 of its levels.

You collected 130 gold pieces.

Inventory:

Missiles
 a - 19 arrows
Jewellery
 e - an uncursed amulet of faith
 g - an uncursed ring of ice
 p - an uncursed ring of magical power {unknown}
Wands
 s - a wand of random effects (38)
 t - a wand of acid (12)
Scrolls
 f - a scroll of blinking
 i - a scroll of enchant weapon {unknown}
 j - a scroll of amnesia {unknown}
 l - a scroll of enchant armour {unknown}
 m - 2 scrolls of remove curse
 o - a scroll of fear {unknown}
 r - a scroll of teleportation
Potions
 d - a potion of mutation
 h - a potion of agility {unknown}
 k - a potion of invisibility {unknown}
 n - a potion of lignification {unknown}
 q - a potion of degeneration {unknown}
Books
 b - a book of Changes

   Spells                             Type                      Level
   a - Beastly Appendage              Transmutation                1
   b - Sticks to Snakes               Transmutation                2
   c - Spider Form                    Transmutation/Poison         3
   d - Ice Form                       Ice/Transmutation            4
   e - Blade Hands                    Transmutation                5
Comestibles
 c - 5 rations


   Skills:
 + Level 4.2 Fighting
 - Level 2.7 Dodging
 - Level 6.1 Unarmed Combat
 - Level 2.0 Spellcasting
 - Level 2.1 Transmutations


You had 5 spell levels left.
You knew the following spells:

 Your Spells              Type           Power        Failure   Level  Hunger
a - Beastly Appendage     Tmut           #.....       8%          1    #......
b - Sticks to Snakes      Tmut           #.......     12%         2    ###....


Dungeon Overview and Level Annotations

Branches:
Dungeon (5/15)
 Temple: D:4-7

Altars:

Annotations:
D:3 Vesto's ghost, weakling GrSk
D:5 Mirai's ghost, novice HOFi


Innate Abilities, Weirdness & Mutations

You cannot wear armour.
You are incapable of wielding weapons or throwing items.
Your paws allow you to move quietly. (Stealth)
You have sharp claws.
You have razor-sharp teeth.
You have supernaturally acute eyesight. (SInv)
You are carnivorous and can eat meat at any time.
You cover ground quickly.
You are covered in thick fur. (AC +2)
You have a slow metabolism.
Your sharp claws are effective at attacking unaware monsters.
You evolve.


Message History

Found a stone staircase leading down.
There is an open door here.
A giant cockroach and 2 centaurs come into view.
The centaur shouts! x2
The centaur wields a shortbow.
The centaur shoots an arrow.
The arrow misses you.
The centaur moves out of view.
The worker ant twitches its antennae in your direction.
You hear a shout!
The centaur shoots an arrow.
The arrow barely misses you.
The centaur wields a shortbow.
The centaur shoots an arrow.
The arrow hits you!
An ogre comes into view. It is wielding a giant spiked club.
The ogre shouts!
You see here 2 arrows.
The centaur moves out of view.
There is an open door here.
The centaur shoots an arrow.
The arrow hits you.
You see here an arrow.
The centaur shoots an arrow.
The arrow hits you!
Ouch! That really hurt!
You die...

##........≈..##......
#.........≈.##....aO
.....##########..c.c#
# .....# #....c##s#
#8## .....#
#.....##.##8...8
####.#
#####.....##.##.....
#..
....'.....'.(#>.....
### ##....(#####.....
#####@...##8...8
#....# #8## #....# #
#.....# #.......
#.>....#. #......#
#......#


You could see 2 centaurs.

Vanquished Creatures
  2 sky beasts (D:5)
  A bullfrog skeleton (D:3)
  A centaur skeleton (D:4)
  6 adders
  An ooze (D:4)
  A worm (D:3)
  3 dart slugs
  2 orcs (D:3)
  2 giant cockroaches (D:3)
  6 goblins
  9 hobgoblins
  5 jackals
  3 quokkas
  A ball python (D:3)
  4 bats
  3 frilled lizards
  2 kobolds
  11 rats
63 creatures vanquished.

Vanquished Creatures (collateral kills)
  An ogre (D:3)
  An adder (D:5)
2 creatures vanquished.

Grand Total: 65 creatures vanquished

Notes
Turn   | Place    | Note
-------+----------+-------------------------------------------
     0 | D:1      | inc the Felid Transmuter began the quest for the Orb.
     0 | D:1      | Reached XP level 1. HP: 9/9 MP: 4/4
   306 | D:1      | Reached XP level 2. HP: 12/12 MP: 6/6
  1024 | D:2      | Reached skill level 4 in Unarmed Combat
  1046 | D:2      | Reached XP level 3. HP: 12/15 MP: 5/7
  1575 | D:2      | Gained mutation: You evolve. [potion of mutation]
  1889 | D:3      | Noticed Vesto's ghost (weakling GrSk)
  2003 | D:3      | Noticed an ogre
  2012 | D:3      | Reached skill level 5 in Unarmed Combat
  2012 | D:3      | Reached XP level 4. HP: 18/19 MP: 8/8
  2016 | D:3      | Learned a level 2 spell: Sticks to Snakes
  2691 | D:3      | Killed an ogre
  2691 | D:3      | Reached skill level 6 in Unarmed Combat
  2691 | D:3      | Reached XP level 5. HP: 22/22 MP: 1/9
  3969 | D:5      | Entered Level 5 of the Dungeon
  3997 | D:5      | Noticed Mirai's ghost (novice HOFi)
  4055 | D:5      | Noticed a sky beast
  4065 | D:5      | Killed a sky beast
  4065 | D:5      | Gained mutation: You are covered in thick fur. (AC +2) [Felid growth]
  4065 | D:5      | Reached XP level 6. HP: 9/28 MP: 8/10
  4228 | D:5      | Noticed a sky beast
  4250 | D:5      | Killed a sky beast
  4276 | D:5      | Mangled by Mirai's ghost
  4277 | D:5      | Reached XP level 5. HP: -13/25 MP: 8/9
  4282 | D:5      | Noticed a centaur
  4282 | D:5      | Noticed a centaur
  4283 | D:5      | Noticed an ogre
  4287 | D:5      | Shot with an arrow by a centaur

Skill      XL: |  1  2  3  4  5  6 |
---------------+-------------------+-----
Unarmed Combat | 4 5 6 |  6.1
Fighting       | 3 4 |  4.2
Dodging        | |  2.7
Spellcasting   | |  2.0
Transmutations | |  2.1

Action                   |  1- 3 |  4- 6 || total
-------------------------+-------+-------++-------
Melee: Unarmed           |   118 |   109 ||   227
       Bite              |     9 |     8 ||    17
       Headbutt          |     6 |     4 ||    10
       Punch             |     1 |     1 ||     2
 Cast: Beastly Appendage |     9 |     6 ||    15
       Sticks to Snakes  |       |    11 ||    11
  Use: Potion            |     2 |     1 ||     3
       Scroll            |     2 |     3 ||     5
 Stab: Sleeping          |     1 |     2 ||     3
  Eat: Chunk             |     2 |     7 ||     9
Armor: Skin              |     4 |     5 ||     9
Dodge: Dodged            |    91 |    82 ||   173
